 Dungeon Crawl Stone Soup version 0.28-a0-662-g1651b1f1e0 (webtiles) character file.

Game seed: 11153954042566208694

245 bande the Covered (level 6, -2/38 HPs)
             Began as a Gargoyle Fighter on Oct 14, 2021.
             Killed by divine providence
             ... invoked by an orc priest
              (17 damage)
             ... on level 3 of the Dungeon.
             The game lasted 00:03:58 (2936 turns).

bande the Covered (Gargoyle Fighter)                Turns: 2936, Time: 00:03:59

Health: -2/38      AC: 11    Str: 21    XL:     6   Next: 10%
Magic:  6/6        EV:  9    Int:  8    God:
Gold:   146        SH:  4    Dex: 10    Spells: 5/5 levels left

rFire   . . .      SeeInvis .   a - +0 war axe
rCold   . . .      Faith    .   c - +0 buckler
rNeg    + . .      Spirit   .   b - +0 scale mail
rPois   ∞          Reflect  .   (no helmet)
rElec   +          Harm     .   (no cloak)
rCorr   .          Rampage  .   (no gloves)
Will    .....                   (no boots)
Stlth   ..........              (no amulet)
HPRegen 0.12/turn               (no ring)
MPRegen 0.10/turn               (no ring)

@: no status effects
A: sickness immunity, AC +4, negative energy resistance 1, electricity
resistance, torment resistance 1, petrification resistance
a: no special abilities


You were on level 3 of the Dungeon.
You visited 1 branch of the dungeon, and saw 3 of its levels.

You collected 146 gold pieces.

Inventory:

Hand Weapons
 a - a +0 war axe (weapon)
Armour
 b - a +0 scale mail (worn)
 c - a +0 buckler (worn)
Potions
 d - a potion of might
 e - a potion of magic
 f - 2 potions of curing
 i - a potion of heal wounds {unknown}


   Skills:
 + Level 4.0 Fighting
 + Level 4.1 Axes
 + Level 4.5 Armour
 - Level 0.2 Stealth
 + Level 4.0 Shields


You had 5 spell levels left.
You didn't know any spells.
Your spell library contained the following spells:

 Spells                   Type           Power      Damage    Failure   Level
 Ozocubu's Armour         Ice            0%         N/A       98%         3
 Ozocubu's Refrigeration  Ice            0%         4d5       100%        7


Dungeon Overview and Level Annotations

Branches:
Dungeon (3/15)

Altars:


Innate Abilities, Weirdness & Mutations

You are immune to sickness and miasma.
Your stone body is resilient. (AC +4)
You are immune to poison.
You resist negative energy. (rN+)
You are resistant to electric shocks. (rElec)
You are resistant to unholy torment.
You are immune to petrification.


Message History

The orc is severely wounded.
You slash the orc!
You kill the orc!
The orc hits you but does no damage.
You barely miss the orc.
The orc is severely wounded.
You closely miss the orc.
You hit the orc priest but do no damage.
The orc hits you with a +0 flail. The orc closely misses you.
The orc priest begins to cast a cantrip, but forgets the words!
The orc hits you with a +0 flail.
You barely miss the orc priest. You slash the orc!
You kill the orc!
You slash the orc!
You kill the orc!
The orc priest hits you but does no damage.
The orc barely misses you.
You hit the orc priest.
The orc priest is moderately wounded.
You barely miss the orc. The orc priest barely misses you.
The orc hits you but does no damage.
Unknown command.
You hit the orc priest.
The orc priest is heavily wounded.
You slash the orc!
You kill the orc!
The orc priest hits you but does no damage.
The orc priest calls down the wrath of Beogh upon you.
Beogh smites you!
You barely miss the orc priest.
The orc priest is heavily wounded.
You block the orc priest's attack.
You hit the orc priest.
The orc priest is severely wounded.
The orc priest looks encouraged for a moment.
You barely miss the orc priest.
The orc priest is severely wounded.
The orc priest mumbles some strange prayers to Beogh against you.
Beogh smites you!
You die...

#. #.. #.# ###
#.############.#######
###>....................
..........######@#######
..........#....))o.#
.(........#........#
..........#........#
###.#######........# #.#
........... #.#
............ #.#
........##### #.#####


You could see an orc priest.

Vanquished Creatures
  A centaur (D:3)
  An orc wizard (D:3)
  Robin (D:2)
  6 adders (D:2)
  A worm (D:3)
  6 orcs (D:3)
  5 ball pythons
  3 endoplasms
  6 giant cockroaches
  12 goblins
  3 hobgoblins
  2 jackals (D:2)
  5 kobolds
  4 quokkas
  3 bats
  2 frilled lizards (D:1)
  A rat (D:2)
62 creatures vanquished.

Vanquished Creatures (others)
  A draconian (D:1)
  An octopode (D:1)
  A gargoyle (D:1)
  An elf (D:1)
  A merfolk (D:1)
  A troll (D:1)
  A formicid (D:1)
  A human (D:1)
  2 vampires (D:1)
  A demigod (D:1)
  2 tengu (D:1)
  2 mummies (D:1)
  12 plants (D:2)
  9 tentacles (D:1)
36 creatures vanquished.

Grand Total: 98 creatures vanquished

Notes
Turn   | Place    | Note
-------+----------+-------------------------------------------
     0 | D:1      | bande the Gargoyle Fighter began the quest for the Orb.
     0 | D:1      | Reached XP level 1. HP: 14/14 MP: 1/1
     2 | D:1      | Noticed a merfolk
     2 | D:1      | Noticed a tengu
     2 | D:1      | Noticed a draconian
     2 | D:1      | Noticed an elf
     2 | D:1      | Noticed a demigod
     2 | D:1      | Noticed a gargoyle
     2 | D:1      | Noticed a kraken
     2 | D:1      | Noticed a vampire
     2 | D:1      | Noticed a vampire
     2 | D:1      | Noticed a troll
     2 | D:1      | Noticed an octopode
     2 | D:1      | Noticed a human
     2 | D:1      | Noticed a tengu
     2 | D:1      | Noticed a formicid
     5 | D:1      | Killed an elf
     8 | D:1      | Killed a vampire
    11 | D:1      | Killed a gargoyle
    11 | D:1      | Killed a tengu
    12 | D:1      | Killed a formicid
    13 | D:1      | Found a faded altar of an unknown god.
    13 | D:1      | Killed a tengu
    13 | D:1      | Killed a troll
    14 | D:1      | Killed a draconian
    15 | D:1      | Killed a merfolk
    18 | D:1      | Killed an octopode
    21 | D:1      | Killed a human
    22 | D:1      | Killed a demigod
    25 | D:1      | Killed a vampire
   128 | D:1      | Reached XP level 2. HP: 19/19 MP: 2/2
   873 | D:2      | Reached XP level 3. HP: 15/23 MP: 3/3
  1231 | D:2      | Noticed Robin
  1244 | D:2      | Killed Robin
  1245 | D:2      | Reached XP level 4. HP: 12/29 MP: 4/4
  2287 | D:2      | Reached XP level 5. HP: 23/33 MP: 5/5
  2408 | D:3      | Noticed a centaur
  2611 | D:3      | Killed a centaur
  2612 | D:3      | Reached XP level 6. HP: 32/38 MP: 6/6
  2936 | D:3      | Killed from afar by an orc priest

Illustrated notes

Levels and vault maps discovered:
D:1:      nicolae_arrival_kraken_aquarium_b, layout_loops_ring,
          hellmonk_ecumenical_altar_arch_garden, st_stairs_9
D:2:      layout_basic, serial_forest, infiniplex_forest_clump_double,
          infiniplex_forest_split, infiniplex_forest_lined_2,
          infiniplex_forest_lined_corner, infiniplex_forest_clump_cross,
          infiniplex_forest_clump_small, infiniplex_forest_zigzag_2,
          infiniplex_forest_clump_double, nicolae_underground_beach, uniq_robin
D:3:      layout_basic, serial_shops, nicolae_shop_window_shopping, uniq_purgy

Skill      XL: |  1  2  3  4  5 |
---------------+----------------+-----
Axes           | 2 3 4 |  4.1
Armour         | 4 |  4.5
Fighting       | 4 |  4.0
Shields        | 4 |  4.0
Stealth        | |  0.2

Action                   |  1- 3 |  4- 6 || total
-------------------------+-------+-------++-------
Melee: War axe           |    88 |   108 ||   196
  Use: Scroll            |     2 |     2 ||     4
Armor: Scale mail        |    63 |    75 ||   138
Dodge: Dodged            |    69 |    46 ||   115
Block: Buckler           |    27 |    26 ||    53

Table legend: (Time is in decaauts)
 A = Elapsed time spent in this place.
 B = Non-inter-level travel time spent in this place.
 C = Inter-level travel time spent in this place.
 D = Time resting spent in this place.
 E = Time spent auto-exploring this place.
 F = Levels seen in this place.
 G = Mean time per level.
                   A        B        C        D        E       F      G
               +--------+--------+--------+--------+--------+-----+--------+
         Total |   3009 |   2968 |     41 |    833 |   1639 |   3 | 1003.0 |
       Dungeon |   3009 |   2968 |     41 |    833 |   1639 |   3 | 1003.0 |
               +--------+--------+--------+--------+--------+-----+--------+

Top non-repeatable levels by time:
     D:2: 1824 daAuts
     D:1: 799 daAuts
     D:3: 386 daAuts
